 Dungeon Crawl Stone Soup version 0.28.0-53-g5a82cb258f (webtiles) character file.

Game seed: 10220193872288336793

843 bnorton916 the Magician (level 7, -4/36 HPs)
             Began as a Deep Elf Fire Elementalist on July 18, 2022.
             Was a Believer of Sif Muna.
             Slain by a wyvern (11 damage)
             ... on level 5 of the Dungeon.
             The game lasted 00:05:28 (7699 turns).

bnorton916 the Magician (DEFE)                      Turns: 7699, Time: 00:05:28

Health: -4/36      AC:  5    Str:  5    XL:     7   Next: 68%
Magic:  18/19      EV: 12    Int: 22    God:    Sif Muna [**....]
Gold:   114        SH:  0    Dex: 15    Spells: 6/20 levels left

rFire   + . .      SeeInvis .   o - +1 dagger (venom)
rCold   . . .      Faith    .   (no shield)
rNeg    . . .      Spirit   .   A - +2 robe {rF+}
rPois   .          Reflect  .   (no helmet)
rElec   .          Harm     .   (no cloak)
rCorr   .          Rampage  .   s - +0 pair of gloves
Will    .....                   (no boots)
Stlth   ++........              (no amulet)
HPRegen 0.12/turn               (no ring)
MPRegen 0.16/turn               (no ring)

@: about to teleport
A: no striking features
a: Renounce Religion, Channel Magic


You were on level 5 of the Dungeon.
You worshipped Sif Muna.
Sif Muna was pleased with you.
You visited 1 branch of the dungeon, and saw 5 of its levels.

You collected 170 gold pieces.
You spent 56 gold pieces at shops.

Inventory:

Hand Weapons
 o - a +1 dagger of venom (weapon)
 w - a +1 dagger of speed
 x - a +2 war axe of electrocution
Missiles
 h - 26 stones
 l - 3 poisoned darts
 t - a throwing net
 z - 3 atropa-tipped darts
Armour
 i - a +1 scale mail of poison resistance
 s - a +0 pair of gloves (worn)
 A - a +2 robe of fire resistance (worn)
Jewellery
 m - a +4 ring of evasion
Wands
 q - a wand of flame (12)
Scrolls
 c - a scroll of fear {unknown}
 d - 3 scrolls of blinking {unknown}
 e - 2 scrolls of identify {unknown}
 k - 2 scrolls of teleportation
 n - 2 scrolls of magic mapping {unknown}
 p - a scroll of noise
 r - a scroll of enchant armour {unknown}
 y - a scroll of amnesia {unknown}
Potions
 a - a potion of ambrosia {unknown}
 b - 2 potions of curing
 f - 2 potions of brilliance {unknown}
 g - a potion of berserk rage {unknown}
 j - a potion of resistance {unknown}
 u - a potion of cancellation {unknown}
 v - a potion of degeneration {unknown}


   Skills:
 - Level 2.4 Dodging
 - Level 2.4 Stealth
 + Level 7.2 Spellcasting
 + Level 5.4 Conjurations
 + Level 6.4 Fire Magic


You had 6 spell levels left.
You knew the following spells:

 Your Spells              Type           Power      Damage    Failure   Level
a - Foxfire               Conj/Fire      100%       2x1d9     1%          1
b - Scorch                Fire           72%        2d9       1%          2
c - Conjure Flame         Conj/Fire      34%        6-21      1%          3
d - Flame Wave            Conj/Fire      34%        2d8       7%          4
e - Sticky Flame          Conj/Fire      34%        2d5       7%          4

Your spell library contained the following spells:

 Spells                   Type           Power      Damage    Failure   Level
 Inner Flame              Hex/Fire       22%        N/A       6%          3
 Ignite Poison            Fire/Tmut/Pois 17%        N/A       10%         3


Dungeon Overview and Level Annotations

Branches:
Dungeon (5/15)
 Temple: D:4-7

Altars:
Nemelex Xobeh
Sif Muna

Shops:
D:3 ?


Message History

Confirm with . or Enter, or press ? or * to list all spells.
You conjure some foxfire!
Your foxfire dissipates!
Your foxfire dissipates!
The foxfire hits the iguana.
The iguana is severely wounded.
The foxfire hits the iguana!
You kill the iguana!
Sif Muna accepts your kill.
Casting: Foxfire (safe; 1% risk of failure)
Confirm with . or Enter, or press ? or * to list all spells.
You conjure some foxfire!
Your foxfire dissipates! x2
There is an open door here.
Things that are here:
a hound corpse; a hound corpse You open the door.
A wyvern comes into view.
A wyvern is nearby!
A wyvern is nearby!
The wyvern hisses angrily.
A shadow imp comes into view.
Casting: Foxfire (safe; 1% risk of failure)
Confirm with . or Enter, or press ? or * to list all spells.
Flames lash the shadow imp.
The shadow imp is heavily wounded.
The shadow imp's fire resistance burns away.
The wyvern barely misses you.
The wyvern bites you but does no damage.
The wyvern bites you! The wyvern barely misses you.
There is an open door here.
Things that are here:
a hound corpse; a hound corpse The shadow imp is no longer more vulnerable to fire.
The wyvern bites you!
* * * LOW HITPOINT WARNING * * *
As you read the scroll of teleportation, it crumbles to dust.
You feel strangely unstable. The wyvern bites you!
You die...

..###.##### .#
..........#..###
..........#....#
..........'....#
..........#....# ####
.......†..######
...###############5##.....#
....#....#.......l..#.....#
....'....#......@...#.....#
....#....#..........#.....#
...####..###...####.#.....#
#######..###'######.#######
......#....#..........).#
......#....#............#
......#....'............#
.##############+####....#
.##..####.##.##..###....#


You could see a wyvern and a shadow imp.

Vanquished Creatures
  Sigmund (D:2)
  Duvessa (D:4)
  Dowan (D:4)
  An orc priest (D:3)
  5 hounds
  2 iguanas (D:5)
  Terence (D:2)
  2 orc wizards
  A hound skeleton (D:5)
  Robin (D:2)
  A howler monkey skeleton (D:3)
  7 adders
  3 worms
  3 dart slugs
  11 orcs
  12 endoplasms
  4 giant cockroaches
  12 goblins
  7 hobgoblins
  2 jackals (D:5)
  3 kobolds
  7 quokkas
  10 ball pythons
  10 bats
  5 frilled lizards
  4 rats
117 creatures vanquished.

Vanquished Creatures (collateral kills)
  2 foxfires
2 creatures vanquished.

Vanquished Creatures (others)
  511 foxfires
511 creatures vanquished.

Grand Total: 630 creatures vanquished

Notes
Turn   | Place    | Note
-------+----------+-------------------------------------------
     0 | D:1      | bnorton916 the Deep Elf Fire Elementalist began the quest
                  | for the Orb.
     0 | D:1      | Reached XP level 1. HP: 10/10 MP: 6/6
   323 | D:1      | Reached XP level 2. HP: 8/15 MP: 2/8
  1305 | D:1      | Found a faded altar of an unknown god.
  1621 | D:2      | Noticed Sigmund
  1677 | D:1      | Learned a level 2 spell: Scorch
  1711 | D:2      | Found a shimmering blue altar of Sif Muna.
  1723 | D:2      | Became a worshipper of Sif Muna the Loreminder
  1724 | D:2      | Noticed Terence
  1729 | D:2      | Noticed Robin
  1876 | D:1      | Reached XP level 3. HP: 19/19 MP: 7/10
  1880 | D:1      | Learned a level 3 spell: Conjure Flame
  2192 | D:2      | Killed Robin
  2730 | D:2      | Reached skill level 4 in Spellcasting
  2746 | D:2      | Killed Sigmund
  2747 | D:2      | Reached skill level 5 in Spellcasting
  2747 | D:2      | Reached XP level 4. HP: 20/24 MP: 0/13
  2747 | D:2      | Reached XP level 5. HP: 23/28 MP: 0/14
  3046 | D:1      | Learned a level 4 spell: Flame Wave
  3358 | D:2      | Killed Terence
  3359 | D:2      | Reached skill level 5 in Fire Magic
  3752 | D:2      | Reached * piety under Sif Muna
  3938 | D:2      | Reached XP level 6. HP: 25/32 MP: 10/16
  4591 | D:3      | Found Huan's Magic Scroll Shop.
  4595 | D:3      | Bought a scroll of teleportation for 42 gold pieces
  4595 | D:3      | Bought a scroll of noise for 14 gold pieces
  4837 | D:3      | Learned a level 4 spell: Sticky Flame
  5145 | D:3      | Reached ** piety under Sif Muna
  5961 | D:4      | Reached skill level 6 in Spellcasting
  6006 | D:4      | Found a sparkling altar of Nemelex Xobeh.
  6461 | D:4      | Reached XP level 7. HP: 36/36 MP: 16/18
  6755 | D:4      | Noticed Duvessa
  6755 | D:4      | Noticed Dowan
  6773 | D:4      | Killed Duvessa
  6781 | D:4      | Killed Dowan
  6782 | D:4      | Reached skill level 5 in Conjurations
  7439 | D:5      | Entered Level 5 of the Dungeon
  7600 | D:5      | Reached skill level 7 in Spellcasting
  7691 | D:5      | Noticed a wyvern
  7699 | D:5      | Slain by a wyvern

Illustrated notes

Levels and vault maps discovered:
D:1:      eino_arrival_water_star, layout_loops_corners, basic_ecumenical_altar
D:2:      layout_basic, basic_altar, minmay_misc_feat_ornament, fountainhead,
          serial_park_tiny_1, minmay_pentomino_p2, uniq_terence, uniq_robin,
          uniq_sigmund
D:3:      layout_loops_ring, serial_shops, shop
D:4:      layout_basic, nemelex_spade_bored_becter, uniq_duvessa
D:5:      minmay_thinvault, layout_gridville, feat_on_display, uniq_grinder,
          uniq_menkaure

Skill      XL: |  1  2  3  4  5  6  7 |
---------------+----------------------+-----
Conjurations   | 2 3 4 5 |  5.4
Fire Magic     | 4 5 6 |  6.4
Spellcasting   | 5 6 7 |  7.2
Dodging        | |  2.4
Stealth        | |  2.4

Action                   |  1- 3 |  4- 6 |  7- 9 || total
-------------------------+-------+-------+-------++-------
 Cast: Foxfire           |   104 |   162 |    45 ||   311
       Scorch            |     4 |    14 |    10 ||    28
       Conjure Flame     |     1 |     1 |     1 ||     3
  Use: Scroll            |       |       |     1 ||     1
Armor: Robe              |    11 |     5 |     7 ||    23
Dodge: Dodged            |    31 |    19 |    15 ||    65
